 Dungeon Crawl Stone Soup version 0.31-a0-750-gfe7b580527 (webtiles) character file.

Game seed: 11308768179462412944

193 puppykicker the Ruffian (level 5, -1/35 HPs)
             Began as an Octopode Shapeshifter on Sept 15, 2023.
             Was an Initiate of Wu Jian.
             Slain by a kobold
             ... wielding a +0 dagger
              (3 damage)
             ... on level 3 of the Dungeon.
             The game lasted 00:04:59 (1933 turns).

puppykicker the Ruffian (Octopode Shapeshifter)     Turns: 1933, Time: 00:05:00

Health: -1/35      AC:  1    Str: 20    XL:     5   Next: 72%
Magic:  5/5        EV: 13    Int: 12    God:    Wu Jian [......]
Gold:   87         SH:  0    Dex: 13    Spells: 4/4 levels left

rFire   . .          .
                       - Unarmed
rCold   . . .        (no shield)
rNeg    . . .        (helmet currently unavailable)
rPois   .            (no amulet)
rElec   .            h - +6 ring of strength
rCorr   .            (no ring)
SInv    .            (no ring)
Will    .....        (no ring)
Stlth   +++          (no ring)
HPRegen 0.25/turn    (no ring)
MPRegen 0.09/turn    (no ring)
                     (no ring)

%: no passive effects
@: beast-form
A: beast (slay +2), almost no armour, amphibious, 8 rings, camouflage 1,
gelatinous body 1, (nimble swimmer 1), tentacles
a: Begin Untransformation, Renounce Religion


You were on level 3 of the Dungeon.
You worshipped Wu Jian.
Wu Jian was noncommittal.
You were a hulking beast.
You visited 1 branch of the dungeon, and saw 3 of its levels.

You collected 87 gold pieces.

Inventory:

Jewellery
 h - a +6 ring of strength (left tentacle)
Talismans
 b - a beast talisman (active)
 c - a flux talisman
Wands
 j - a wand of polymorph (9)
 q - a wand of paralysis (7)
Scrolls
 d - 5 scrolls of teleportation {unknown}
 e - 4 scrolls of identify {unknown}
 f - a scroll of immolation {unknown}
 i - a scroll of fog {unknown}
 k - a scroll of enchant weapon {unknown}
Potions
 a - a potion of lignification {!q}
 g - a potion of curing {unknown}
 l - a potion of invisibility {unknown}
 m - a potion of resistance {unknown}
 n - a potion of cancellation {unknown}
 o - a potion of ambrosia {unknown}
 p - a potion of attraction {unknown}


   Skills:
 + Level 2.4 Fighting
 + Level 2.5 Dodging
 + Level 1.8 Stealth
 * Level 4.6 Unarmed Combat
 + Level 3.7 Shapeshifting


You had 4 spell levels left.
You didn't know any spells.
Your spell library contained the following spells:

 Spells                   Type           Power      Damage    Failure   Level
 Blink                    Tloc           0%         N/A       45%         2
 Lesser Beckoning         Tloc           0%         N/A       45%         2
 Momentum Strike          Conj/Tloc      0%         3d8       45%         2
 Sublimation of Blood     Necr           0%         N/A       45%         2
 Gell's Gravitas          Tloc           0%         N/A       69%         3
 Teleport Other           Tloc           0%         N/A       69%         3
 Petrify                  Tmut/Erth      0%         N/A       97%         4
 Irradiate                Conj/Tmut      0%         3d11      100%        5
 Dispersal                Tloc           0%         N/A       100%        6


Dungeon Overview and Level Annotations

Branches:
Dungeon (3/15)

Altars:
Wu Jian

Shops:
D:1 (


Innate Abilities, Weirdness & Mutations

You are a hulking beast.
Your limbs bulge with bestial killing power. (Slay +2)
You cannot wear most types of armour.
You are amphibious.
You can wear up to eight rings at the same time.
Your skin changes colour to match your surroundings (Stealth+).
Your rubbery body absorbs attacks. (AC +1, EV +1)
((You are camouflaged when in or above water. (Stealth+)))
You have tentacles for arms and can constrict up to eight enemies at once.


Message History

The kobold hits you with a +0 dagger.
You take 8 damage, and have 25/35 hp.
MASSIVE DAMAGE!!
You tentacle-slap the ball python. You grab the ball python.
The ball python is heavily wounded.
You constrict the ball python, but do no damage.
You constrict the iguana. The ball python bites you.
The ball python constricts you. The kobold misses you. The iguana bites you!
* * * LOW HITPOINT WARNING * * *
The ball python completely misses you. The ball python constricts you.
* * * LOW HITPOINT WARNING * * *
You take 14 damage, and have 11/35 hp.
MASSIVE DAMAGE!!
You tentacle-slap the iguana.
The iguana is heavily wounded.
You constrict the ball python.
You kill the ball python!
You constrict the iguana. The kobold hits you with a +0 dagger.
* * * LOW HITPOINT WARNING * * *
The iguana barely misses you.
You take 1 damage, and have 10/35 hp.
Unknown command.
You tentacle-slap the iguana but do no damage.
The iguana is heavily wounded.
You constrict the iguana. The iguana bites you.
* * * LOW HITPOINT WARNING * * *
The kobold hits you with a +0 dagger.
* * * LOW HITPOINT WARNING * * *
You take 6 damage, and have 4/35 hp.
Unknown command.
You bludgeon the iguana!
You kill the iguana!
The kobold hits you with a +0 dagger.
* * * LOW HITPOINT WARNING * * *
You take 3 damage, and have 1/35 hp.
Unknown command.
You tentacle-slap the kobold but do no damage.
You grab the kobold. You constrict the kobold.
The kobold hits you with a +0 dagger.
You die...

.# #.# #.#
#.#
########.#
#........#
#...h....#
#....K.....#
#......###.#
#......# #.#
#.......#
#.#
#.......#
#.#
#.....###
#.# #.....
#[# ######
#.# #.....


You could see a kobold.

Levels and vault maps discovered:
D:1:      scummos_arrival_checkerplants, layout_loops_ring, serial_shops,
          nicolae_shop_bloodbath_and_beyond
D:2:      layout_basic, uniq_natasha
D:3:      layout_basic, nicolae_wu_jian_immortal_techniques,
          lemuel_crystal_altar

Notes
Turn   | Place    | Note
-------+----------+-------------------------------------------
     0 | D:1      | puppykicker the Octopode Shapeshifter began the quest for
                  | the Orb.
     0 | D:1      | Reached XP level 1. HP: 13/13 MP: 1/1
     9 | D:1      | Identified a +0 scale mail
   133 | D:1      | Identified a +0 dagger
   197 | D:1      | Identified a +0 dagger
   202 | D:1      | Reached XP level 2. HP: 18/18 MP: 2/2
   223 | D:1      | Found Jettun's Weapon Shoppe.
   246 | D:1      | Identified a +6 ring of strength
   732 | D:2      | Noticed Natasha
   739 | D:2      | Killed Natasha
   740 | D:2      | Reached XP level 3. HP: 15/24 MP: 3/3
   763 | D:2      | Identified a +0 dagger
   788 | D:2      | Noticed Natasha
   796 | D:2      | Killed Natasha
   797 | D:2      | Reached skill level 2 in Fighting
   797 | D:2      | Reached skill level 4 in Unarmed Combat
   797 | D:2      | Reached XP level 4. HP: 20/29 MP: 4/4
   862 | D:2      | Reached skill level 1 in Stealth
   907 | D:2      | Identified a +0 club
   972 | D:2      | Noticed Natasha
   983 | D:2      | Killed Natasha
   984 | D:2      | Reached XP level 5. HP: 16/34 MP: 5/5
  1122 | D:2      | Identified a +0 club
  1418 | D:3      | Identified a +0 short sword
  1488 | D:3      | Identified a +0 dagger
  1683 | D:3      | Found an ornate altar of the Wu Jian Council.
  1698 | D:3      | Became a worshipper of the Wu Jian Council
  1919 | D:3      | Identified a +0 leather armour
  1925 | D:3      | Identified a +0 dagger
  1931 | D:3      | HP: 6/35 [iguana (4)]
  1932 | D:3      | HP: 1/35 [kobold/+0 dagger (3)]
  1933 | D:3      | Slain by a kobold

Table legend: (Time is in decaauts)
 A = Elapsed time spent in this place.
 B = Non-inter-level travel time spent in this place.
 C = Inter-level travel time spent in this place.
 D = Time resting spent in this place.
 E = Time spent auto-exploring this place.
 F = Levels seen in this place.
 G = Mean time per level.
                   A        B        C        D        E       F      G
               +--------+--------+--------+--------+--------+-----+--------+
         Total |   1943 |   1860 |     83 |    226 |   1366 |   3 |  647.7 |
       Dungeon |   1943 |   1860 |     83 |    226 |   1366 |   3 |  647.7 |
               +--------+--------+--------+--------+--------+-----+--------+

Top non-repeatable levels by time:
     D:1: 697 daAuts
     D:2: 644 daAuts
     D:3: 602 daAuts

Table legend:
 A = Kills in this place as a percentage of kills in the entire game.
 B = Kills by you in this place as a percentage of kills by you in the entire game.
 C = Kills by friends in this place as a percentage of kills by friends in the entire game.
 D = Other kills in this place as a percentage of other kills in the entire game.
 E = Experience gained in this place as a percentage of experience gained in the entire game.
 F = Experience gained in this place divided by the number of levels of this place that you have seen.
                   A       B       C       D       E      F
               +-------+-------+-------+-------+-------+----------------------
         Total | 100.0 | 100.0 |   N/A |   N/A | 100.0 |  92.3
       Dungeon | 100.0 | 100.0 |   N/A |   N/A | 100.0 |  92.3
               +-------+-------+-------+-------+-------+----------------------

Skill      XL: |  1  2  3  4 |
---------------+-------------+-----
Fighting       | 2 |  2.4
Unarmed Combat | 4 |  4.6
Stealth        | 1 |  1.8
Dodging        | |  2.5
Shapeshifting  | |  3.7

Action                     |  1- 3 |  4- 6 || total
---------------------------+-------+-------++-------
  Melee: Unarmed           |    37 |    44 ||    81
         Constrict         |    10 |    13 ||    23
         Tentacles         |     3 |     6 ||     9
         Punch             |     1 |     1 ||     2
Ability: Lunge             |       |     2 ||     2
   Stab: Sleeping          |     3 |     4 ||     7
 Armour: Skin              |    13 |    23 ||    36
  Dodge: Dodged            |    16 |    19 ||    35

Vanquished Creatures
  An iguana (D:3)
  A sleepcap (D:3)
  Natasha (thrice) (D:2)
  2 adders (D:2)
  A worm (D:3)
  A dart slug (D:1)
  3 endoplasms
  A giant cockroach (D:2)
  3 hobgoblins (D:1)
  7 jackals
  2 quokkas
  5 ball pythons
  2 bats (D:2)
  3 frilled lizards
  4 goblins
  3 kobolds
  A rat (D:1)
43 creatures vanquished.
